 Dungeon Crawl Stone Soup version 0.31.0-12-g77e489cdc1 (webtiles) character file.

Game seed: 3038143583515671685

34 Gadfly the Trooper (level 3, -2/40 HPs)
             Began as an Oni Berserker on Mar 2, 2024.
             Was a Follower of Trog.
             Succumbed to a goblin's poison
             ... on level 2 of the Dungeon.
             The game lasted 00:01:02 (1022 turns).

Gadfly the Trooper (Oni Berserker)                  Turns: 1022, Time: 00:01:02

Health: -2/40      AC:  3    Str: 21    XL:     3   Next: 31%
Magic:  3/3        EV: 10    Int:  8    God:    Trog [*.....]
Gold:   82         SH:  0    Dex: 10    Spells: 2/2 levels left

rFire   + . .        a - +0 mace
rCold   + . .        (no shield)
rNeg    . . .        b - +0 animal skin
rPois   +            (helmet restricted)
rElec   +            (no cloak)
rCorr   +            (gloves unavailable)
SInv    .            (boots unavailable)
Will    .....        (no amulet)
Stlth   +            (no ring)
HPRegen 0.26/turn    (no ring)
MPRegen 0.08/turn

%: no passive effects
@: lethally poisoned (-2 -> -18), resistant, on berserk cooldown, slowed, very
slow
A: large, unfitting armour, horns 1, tough skin 1, double potion healing,
drunken brawling
a: Renounce Religion, Berserk


You were on level 2 of the Dungeon.
You worshipped Trog.
Trog was aware of your devotion.
You visited 1 branch of the dungeon, and saw 2 of its levels.

You collected 82 gold pieces.

Inventory:

Hand Weapons
 a - a +0 mace (weapon)
Armour
 b - a +0 animal skin (worn)
Scrolls
 c - a scroll of enchant weapon {unknown}
 e - a scroll of torment
 f - a scroll of blinking {unknown}
 g - a scroll of identify
Potions
 d - 2 potions of might


   Skills:
 + Level 4.3 Fighting
 * Level 3.4 Maces & Flails
 * Level 1.1 Armour
 - Level 2.6 Dodging
 * Level 1.0 Evocations


You had 2 spell levels left.
You didn't know any spells.
Your spell library was empty.

Dungeon Overview and Level Annotations

Branches:
Dungeon (2/15)

Altars:


Innate Abilities, Weirdness & Mutations

You are too large for most types of armour.
You have a pair of small horns on your head.
You have tough skin. (AC +1)
You gain doubled healing and magic from potions.
Whenever you drink a healing potion, you attack all around you.


Message History

You sock Robin!
You kill Robin!
Trog accepts your kill.
Your Armour skill increases to level 1!
You have reached level 3!
Your experience leads to an increase in your attributes!
Increase (S)trength, (I)ntelligence, or (D)exterity?
You feel agile. x2; You feel stronger.
You sock the goblin!
You kill the goblin!
Trog accepts your kill.
The goblin hits you with a +0 dagger of venom.
You are poisoned.
Your Evocations skill increases to level 1!
You thump the goblin!
You kill the goblin!
Trog accepts your kill.
You feel sick. The goblin barely misses you.
You are no longer berserk.
You are exhausted.
You feel yourself slow down.
You feel sick. The goblin hits you with a +0 dagger.
Items here: ))) [[ ††.
You closely miss the goblin.
You feel sick. The goblin hits you but does no damage.
You are more poisoned.
The goblin hits you with a +0 dagger.
* * * LOW HITPOINT WARNING * * *
The goblin barely misses you. x2
You closely miss the goblin. Your headbutt misses the goblin.
* * * LOW HITPOINT WARNING * * *
You feel very sick. The goblin closely misses you.
The goblin hits you with a +0 dagger.
* * * LOW HITPOINT WARNING * * *
The goblin hits you but does no damage.
You are more poisoned.
The goblin hits you with a +0 dagger.
* * * LOW HITPOINT WARNING * * *
You feel protected.
You die...

#.###.##.##..##.#.#.#######.#
#.#......##..##.....# ##.
#.#......##..####.### ##
#............# #.#
#.#..........# #.#
#.?..........# #.#
###.#.#.###.#####.# #.....#
#.g)....# ###.### #g@######
#.# #..# #.# #).# #.# #..#
#..# #$.# ...# #.#.. #.###.


You could see 2 goblins.

Vanquished Creatures
  Robin (D:2)
  2 bats (D:1)
  2 endoplasms
  10 goblins (D:2)
  2 hobgoblins (D:1)
  A frilled lizard (D:2)
  2 kobolds (D:1)
  A rat (D:1)
21 creatures vanquished.

Notes
Turn   | Place    | Note
-------+----------+-------------------------------------------
     0 | D:1      | Gadfly the Oni Berserker began the quest for the Orb.
     0 | D:1      | Reached XP level 1. HP: 24/24 MP: 1/1
   336 | D:1      | Reached XP level 2. HP: 32/32 MP: 2/2
   992 | D:2      | Noticed Robin
  1016 | D:2      | Killed Robin
  1017 | D:2      | Reached skill level 1 in Armour
  1017 | D:2      | Reached XP level 3. HP: 31/40 MP: 3/3
  1018 | D:2      | Reached skill level 1 in Evocations
  1021 | D:2      | HP: 2/40 [goblin/+0 dagger[Robin] (1)]
  1022 | D:2      | Succumbed to a goblin's poison

Illustrated notes

Levels and vault maps discovered:
D:1:      psy_arrival_fountain, layout_loops_ring
D:2:      layout_loops_ring, ebering_ecumenical_altar_hall, uniq_robin

Skill      XL: |  1  2  3 |
---------------+----------+-----
Armour         | 1 |  1.1
Evocations     | 1 |  1.0
Fighting       | |  4.3
Maces & Flails | |  3.4
Dodging        | |  2.6

Action                     || total
---------------------------++-------
  Melee: Mace              ||    33
         Headbutt          ||     6
 Invoke: Berserk           ||     1
    Use: Scroll            ||     6
         Potion            ||     2
   Stab: Sleeping          ||     1
 Armour: Animal skin       ||    23
  Dodge: Dodged            ||    24
